 Dungeon Crawl Stone Soup version 0.23.2-30-g0e89c35649 (webtiles) character file.

Game seed: 106329501412080317

106 EcosseEcosse the Skirmisher (level 4, 0/41 HPs)
             Began as a Minotaur Fighter on June 25, 2019.
             Slain by an orc warrior
             ... wielding a +0 short sword
              (2 damage)
             ... on level 3 of the Dungeon.
             The game lasted 00:05:17 (1485 turns).

EcosseEcosse the Skirmisher (Minotaur Fighter)      Turns: 1485, Time: 00:05:18

Health: 0/41       AC:  7    Str: 20    XL:     4   Next: 55%
Magic:  3/3        EV:  7    Int:  5    God:
Gold:   193        SH:  9    Dex: 11    Spells: 3/3 levels left

rFire    . . .     SeeInvis .   a - +0 war axe
rCold    . . .     Gourm    .   c - +0 shield
rNeg     . . .     Faith    .   b - +0 scale mail
rPois    .         Spirit   .   (helmet restricted)
rElec    .         Reflect  .   (no cloak)
rCorr    .         Harm     .   (no gloves)
MR       .....                  (no boots)
Stlth    ..........             (no amulet)
HPRegen  0.13/turn              (no ring)
MPRegen  0.08/turn              (no ring)

@: no status effects
A: retaliatory headbutt, horns 2
a: no special abilities


You were on level 3 of the Dungeon.
You were not hungry.

You visited 1 branch of the dungeon, and saw 3 of its levels.

You collected 193 gold pieces.

Inventory:

Hand Weapons
 a - a +0 war axe (weapon)
Missiles
 k - 2 javelins of returning (quivered)
Armour
 b - a +0 scale mail (worn)
 c - a +0 shield (worn)
 m - a +2 hat
Jewellery
 e - a cursed ring of teleportation {unknown}
 h - an uncursed ring of ice {unknown}
 j - an uncursed ring of stealth {unknown}
Scrolls
 n - a scroll of random uselessness {unknown}
Potions
 d - a potion of might
 g - a potion of flight {unknown}
 i - a potion of lignification {unknown}
 l - a potion of heal wounds {unknown}
Comestibles
 f - 6 rations


   Skills:
 + Level 4.4 Fighting
 + Level 4.0 Axes
 + Level 4.2 Armour
 + Level 0.4 Dodging
 + Level 4.3 Shields


You had 3 spell levels left.
You didn't know any spells.
Your spell library was empty.

Dungeon Overview and Level Annotations

Branches:
Dungeon (3/15)

Altars:


Innate Abilities, Weirdness & Mutations

You reflexively headbutt those who attack you in melee.
You have a pair of horns on your head.


Message History

You slash the orc warrior! Your headbutt misses the orc warrior.
The orc warrior is heavily wounded.
The orc warrior hits you but does no damage.
The orc warrior barely misses you. You furiously retaliate!
You headbutt the orc warrior.
Your shield prevents you from hitting the orc warrior.
The orc warrior is heavily wounded.
You block the orc warrior's attack.
You closely miss the orc warrior.
The orc warrior is heavily wounded.
The orc warrior hits you with a +0 short sword!
* * * LOW HITPOINT WARNING * * *
You block the orc warrior's attack.
You hit the orc warrior.
The orc warrior is heavily wounded.
The orc warrior hits you but does no damage.
You hit the orc warrior but do no damage.
The orc warrior is heavily wounded.
The orc warrior hits you with a +0 short sword.
You die...

.......#
#.....#. #.#
#.# .......#
#######.# #.#
#.# ....#..#
#.# #######.#
.......# #.#
.........
.....### #.#
#######.#
...#.# #.# #.#
##.#.# #.# #.#
#.#>#
#####o####.#
#.# #.#.#
#...@...!.#
#.# #.#.#
#.###)####.#
#.# #.# #.####
#######.# ...
#....#
.........
####.#
#######.#
#.##########.#
#............#
##############


You could see an orc warrior.

Vanquished Creatures
  An adder (D:3)
  An ooze (D:1)
  4 worms
  4 dart slugs
  A leopard gecko (D:3)
  6 orcs
  A giant cockroach (D:1)
  9 goblins
  11 hobgoblins
  2 jackals (D:1)
  A quokka (D:3)
  10 bats
  A frilled lizard (D:2)
  4 kobolds
  5 rats
  A fungus (D:1)
62 creatures vanquished.

Vanquished Creatures (others)
  6 toadstools (D:1)
6 creatures vanquished.

Grand Total: 68 creatures vanquished

Notes
Turn   | Place    | Note
-------+----------+-------------------------------------------
     0 | D:1      | EcosseEcosse the Minotaur Fighter began the quest for the
                  | Orb.
     0 | D:1      | Reached XP level 1. HP: 19/19 MP: 0/0
    52 | D:1      | Reached XP level 2. HP: 18/27 MP: 1/1
   366 | D:1      | Reached XP level 3. HP: 31/33 MP: 2/2
  1080 | D:2      | Reached XP level 4. HP: 39/41 MP: 3/3
  1475 | D:3      | Noticed an orc warrior
  1483 | D:3      | HP: 2/41 [orc warrior/+0 short sword (13)]
  1485 | D:3      | Slain by an orc warrior

Skill      XL: |  1  2  3  4 |
---------------+-------------+-----
Armour         | 4 |  4.2
Fighting       | 4 |  4.4
Shields        | 4 |  4.3
Axes           | 3 4 |  4.0
Dodging        | |  0.4

Action                   |  1- 3 |  4- 6 || total
-------------------------+-------+-------++-------
Melee: War axe           |    97 |    54 ||   151
       Headbutt          |    13 |     6 ||    19
  Use: Scroll            |     3 |       ||     3
  Eat: Chunk             |       |     2 ||     2
Armor: Scale mail        |    27 |    21 ||    48
Dodge: Dodged            |    22 |    13 ||    35
Block: Shield            |    52 |    28 ||    80
